 Dungeon Crawl Stone Soup version 0.19-a0-1025-g778f431 (webtiles) character file.

218559 Leszczynek the Warrior (level 19, 0/209 HPs)
             Began as an Ogre Abyssal Knight on July 24, 2016.
             Was the Champion of Lugonu.
             Slain by a griffon (2 damage)
             ... while paralysed
             ... on level 4 of the Shoals on July 28, 2016.
             The game lasted 03:13:10 (49164 turns).

Leszczynek the Warrior (Ogre Abyssal Knight)       Turns: 49164, Time: 03:13:11

Health: 0/209      AC: 13    Str: 24    XL:     19   Next: 12%
Magic:  23/28      EV:  1    Int: 16    God:    Lugonu [******]
Gold:   1995       SH:  0    Dex: 15    Spells: 2 memorised, 14 levels left

rFire  . . .     SeeInvis .     a - +1 morningstar
rCold  + . .     Gourm    .     G - +3 robe of Clouds {+Fly rElec}
rNeg   . . .     Faith    .     Q - +0 large shield
rPois  .         Spirit   .     (helmet restricted)
rElec  +         Dismiss  .     g - +2 cloak
rCorr  .         Reflect  .     (gloves unavailable)
SustAt .         Harm     .     (boots unavailable)
MR     ++...                    q - amulet of regeneration
Stlth  ++........               Z - +4 ring of protection
                                w - ring of Harmony {Wiz rC+ Int+3}

@: paralysed, about to teleport, very slightly contaminated, fainting, very
resistant to hostile enchantments, unstealthy
A: unfitting armour, clever 1, magic resistance 1, strong 1, tough skin 1
a: Depart the Abyss, Bend Space, Banish, Corrupt, Enter the Abyss, Brand Weapon
With Distortion, Renounce Religion, Evoke Flight
}: 1/15 runes: serpentine


You were on level 4 of the Shoals.
You worshipped Lugonu.
Lugonu was exalted by your worship.
You were fainting.

You visited 5 branches of the dungeon, and saw 31 of its levels.
You visited the Abyss 1 time.
You also visited: Labyrinth and Sewer.

You collected 2957 gold pieces.
You spent 962 gold pieces at shops.

Inventory:

Hand Weapons
 a - a +1 morningstar (weapon)
Missiles
 s - 18 javelins of penetration
 t - 78 tomahawks
 E - 12 javelins
 H - 22 large rocks (quivered)
 N - 3 throwing nets
Armour
 g - a +2 cloak (worn)
 G - the +3 robe of Clouds (worn) {+Fly rElec}
   (You bought it in a shop on level 7 of the Dungeon)

   It insulates you from electricity.
   It lets you fly.
 Q - a +0 large shield (worn)
 Y - a +1 gold dragon armour
Rods
 c - a +7 rod of shadows (11/12)
   (You found it in a labyrinth)
 x - a +1 rod of clouds (4/13)
   (You found it in a labyrinth)
Jewellery
 d - a +3 ring of evasion
 f - an uncursed ring of poison resistance
 q - an amulet of regeneration (around neck)
 w - the ring of Harmony (left hand) {Wiz rC+ Int+3}
   (You found it in a labyrinth)

   [ring of wizardry]

   It improves your spell success rate.
   It affects your intelligence (+3).
   It protects you from cold.
 R - an uncursed ring of see invisible
 W - an uncursed ring of fire
 Z - a +4 ring of protection (right hand)
Wands
 h - a wand of acid (3/15)
 k - a wand of lightning (5/15)
 p - a wand of acid (8/15)
 B - a wand of confusion (6/48)
 C - a wand of hasting (1/9)
 J - a wand of disintegration (8/24)
 K - a wand of iceblast (8/15)
 L - a wand of hasting (3/9)
 X - a wand of heal wounds (3/9)
Scrolls
 l - 3 scrolls of recharging
 o - 4 scrolls of teleportation
 r - a scroll of fog
 y - 2 scrolls of fear
 z - 2 scrolls of identify
 F - 4 scrolls of remove curse
 M - 2 scrolls of magic mapping
Potions
 b - 2 potions of might
 e - 3 potions of invisibility
 i - 6 potions of magic
 n - a potion of flight
 u - 3 potions of brilliance
 v - 6 potions of curing
 A - 2 potions of cure mutation
 D - 3 potions of agility
 I - a potion of resistance
 S - a potion of cancellation
Miscellaneous
 O - a lamp of fire (inert)
 T - a disc of storms
 U - a fan of gales
Comestibles
 j - 16 meat rations
 P - 7 bread rations
 V - 9 chunks of flesh


   Skills:
 - Level 17.0 Fighting
 - Level 16.0 Maces & Flails
 - Level 13.5 Throwing
 + Level 5.8 Armour
 - Level 10.4 Dodging
 - Level 3.0 Stealth
 - Level 13.0 Shields
 - Level 10.2 Invocations
 - Level 12.0 Evocations


You had 14 spell levels left.
You knew the following spells:

 Your Spells              Type           Power        Failure   Level  Hunger
a - Repel Missiles        Chrm/Air       #.....       30%         2    ###....
b - Blink                 Tloc           N/A          30%         2    ###....


Dungeon Overview and Level Annotations

Branches:
Dungeon (15/15)            Temple (0/1) D:4            Lair (6/6) D:9
 Shoals (4/4) Lair:2        Snake (4/4) Lair:3        Slime (0/5) Lair:5
    Orc (2/2) D:10            Elf (0/3) Orc:2        Vaults (0/5) D:13
 Depths (0/5) D:15

Altars:
Pakellas
Qazlal
Trog
Jiyva

Shops:
D:7 [   D:10 [   Orc:2 (:*[   Snake:4 %

Annotations:
D:2 exclusion: adder
D:9 exclusion: upstairs
D:11 exclusion: orange crystal statue
Snake:2 exclusion: greater naga
Abyss:1 Erolcha, Harold, Maurice, Nergalle


Innate Abilities, Weirdness & Mutations

You are too large for most types of armour.
You have tough skin. (AC +1)
Your mind is acute. (Int +2)
You are resistant to hostile enchantments. (MR+)
Your muscles are strong. (Str +2)


Message History

* * * LOW HITPOINT WARNING * * *
The wind drake exhales a fierce blast of wind!
Unknown command.
You thump the wind drake!
The wind drake is almost dead.
You feel yourself slow down. The griffon closely misses you.
The griffon barely misses you. You block the griffon's attack.
Unknown command.
You thump the wind drake!
You kill the wind drake!
Lugonu accepts your kill.
You lose consciousness!
The satyr plays a lulling melody on his pipes!
You resist with almost no effort. The griffon bites you.
* * * LOW HITPOINT WARNING * * *
The griffon pecks you!
* * * LOW HITPOINT WARNING * * *
The griffon claws you.
You die...

.#≈≈≈≈≈..†§#§##≈##....≈≈≈≈≈≈≈≈*
≈##≈≈≈≈...§§....§.....≈≈≈≈≈≈≈≈*
##≈≈≈≈≈...§c..........≈≈≈≈≈≈≈≈*
≈#≈≈≈≈≈...§§§§≈§......≈≈≈≈≈≈≈≈*
.##≈≈≈≈≈..§m§§§.§.....≈≈≈≈≈≈≈≈*
.##.≈≈≈≈..§.§§(.......≈≈≈≈≈≈≈≈*
#)..≈≈≈≈≈§§§.§§.......≈≈≈≈≈≈≈≈*
#....≈≈≈≈§.....(†§§...≈≈≈≈≈≈≈≈*
....≈≈≈≈≈≈≈.#≈.H@.....≈≈≈≈≈≈≈≈*
....≈≈≈≈≈≈≈#######....≈≈≈≈≈≈≈≈*
....≈....###,*≈*,,#≈.≈≈≈≈≈≈≈≈≈*
≈≈≈≈.....#*,,,≈,,,*#.≈≈≈≈≈≈≈≈≈*
.≈≈......#*≈,*,*,***≈≈≈≈≈≈≈≈≈≈*
.≈.......##*≈,,,≈≈*≈≈≈≈≈≈≈≈≈≈≈*
........÷.#≈,*,*,,*≈≈≈≈≈≈≈≈≈≈≈*
#........≈#,,,≈,,,*≈≈≈≈≈≈≈≈≈≈≈*
.........≈#≈,*,*,**≈≈≈≈≈≈≈≈≈≈≈*


You could see a merfolk impaler, a griffon and a satyr.

Vanquished Creatures
  Asterion (Snake:1)
  Gastronok (D:11)
  Frances (D:14)
  8 greater nagas
  Ilsuiw (Shoals:4)
  A frost giant (D:15)
  A stone giant (Orc:2)
  3 dire elephants (Lair:6)
  5 merfolk impalers
  A merfolk javelineer (Shoals:4)
  A minotaur (Lab)
  A fire dragon (D:15)
  Josephine (D:15)
  A rakshasa (D:15)
  20 naga warriors
  3 hydras
  A death knight (D:13)
  5 ogre magi
  2 alligator snapping turtles
  7 merfolk avatars
  6 anacondas
  5 centaur warriors
  5 merfolk aquamancers
  3 satyrs
  3 death yaks
  3 orc high priests
  8 shock serpents
  10 naga sharpshooters
  5 unseen horrors
  12 sea snakes
  5 hill giants
  2 wizards (D:12)
  6 naga ritualists
  6 harpies
  A deep elf archer (Orc:2)
  14 mana vipers
  A deep elf mage (D:12)
  6 orc knights
  10 ugly things
  6 salamanders
  7 griffons
  3 orc sorcerers (Orc:2)
  A wolf spider zombie (D:15)
  5 cyclopes
  7 fauns
  6 manticores
  4 elephants (Lair:6)
  5 centaur zombies
  4 water nymphs
  35 black mambas
  4 guardian serpents
  A centaur skeleton (D:15)
  31 naga magi
  10 sirens
  6 spiny frogs
  A gargoyle (D:12)
  10 komodo dragons
  A redback zombie (D:14)
  An efreet (D:15)
  A yaktaur (D:15)
  A tengu conjurer (D:14)
  10 trolls
  8 wind drakes
  29 merfolk
  3 two-headed ogres
  A jumping spider (shapeshifter) (D:13)
  3 blink frogs (Lair:6)
  4 slime creatures (D:13)
  14 snapping turtles
  10 air elementals (D:13)
  41 yaks
  16 redbacks
  A spriggan (shapeshifter) (D:13)
  A spriggan (Lair:5)
  A shadow (Lab)
  6 water elementals
  A human (D:11)
  7 wraiths
  A basilisk (Lair:5)
  A hog (D:11)
  A wyvern (Lair:6)
  12 hippogriffs
  6 hungry ghosts
  2 mottled dragons
  A soldier ant (D:15)
  16 insubstantial wisps (D:13)
  44 nagas
  4 wargs
  6 porcupines
  32 orc warriors
  10 water moccasins
  10 ice beasts
  2 sky beasts
  A black bear (Lair:1)
  A wasp (D:11)
  An eye of draining (D:14)
  4 phantoms
  12 wolves
  16 ogres
  8 centaurs
  18 crocodiles
  10 big kobolds
  15 giant frogs
  A wyvern zombie (D:13)
  3 scorpions
  5 jellies
  22 killer bees
  An electric eel (Lair:2)
  5 howler monkeys
  9 wights (D:14)
  7 crimson imps
  7 hounds
  A quasit (D:10)
  2 giant frog skeletons
  21 orc priests
  A wasp zombie (D:13)
  11 orc wizards
  6 iguanas
  7 hell rats (Lair:6)
  A worker ant (D:13)
  A killer bee zombie (D:8)
  9 sheep
  A hound skeleton (D:11)
  16 adders
  8 gnolls
  38 river rats
  6 shadow imps
  An adder zombie (D:6)
  4 worms
  A ball lightning (D:13)
  2 dart slugs
  9 giant geckos
  80 orcs
  5 ball pythons
  9 bats
  9 giant cockroaches
  8 goblins
  11 hobgoblins
  13 jackals
  11 quokkas
  5 giant newts
  72 kobolds
  10 rats
  14 plants
1169 creatures vanquished.

Vanquished Creatures (collateral kills)
  A merfolk javelineer (Shoals:2)
  2 merfolk (Shoals:2)
3 creatures vanquished.

Vanquished Creatures (others)
  3 orc warlords
  5 merfolk impalers (Shoals:4)
  3 hydras
  A shock serpent (Snake:3)
  An orc high priest (Orc:1)
  A naga sharpshooter (Snake:4)
  2 salamander mystics (Snake:2)
  A sea snake (Shoals:4)
  A hill giant (D:15)
  A naga ritualist (Snake:3)
  An orc knight (Orc:1)
  4 harpies (D:15)
  4 orc sorcerers (Orc:2)
  An ugly thing (D:15)
  5 salamanders
  4 black mambas
  3 spiny frogs (Lair:3)
  3 komodo dragons
  A troll (D:10)
  A tengu conjurer (D:14)
  A merfolk (Shoals:4)
  3 wind drakes (D:13)
  A yak (D:10)
  A water moccasin (D:7)
  A naga (Snake:1)
  5 orc warriors
  A killer bee (D:10)
  14 ball lightnings (D:13)
  12 fungi
  21 plants
106 creatures vanquished.

Grand Total: 1278 creatures vanquished

Notes
Turn   | Place    | Note
-------+----------+-------------------------------------------
     0 | Abyss:1  | Leszczynek the Ogre Abyssal Knight began the quest for the Orb.
     0 | Abyss:1  | Reached XP level 1. HP: 24/24 MP: 2/2
    86 | Abyss:1  | Noticed an eye of draining
    87 | D:1      | Escaped the Abyss
   243 | D:1      | Reached * piety under Lugonu
   277 | D:1      | Reached skill level 1 in Stealth
   318 | D:1      | Reached XP level 2. HP: 26/32 MP: 3/3
   656 | D:1      | Reached skill level 2 in Stealth
   664 | D:1      | Reached XP level 3. HP: 12/39 MP: 4/4
   872 | D:2      | Found a stormy altar of Qazlal.
  1244 | D:2      | Reached ** piety under Lugonu
  1343 | D:3      | Found a faded altar of an unknown god.
  1419 | D:3      | Reached skill level 3 in Stealth
  1562 | D:3      | Reached skill level 3 in Maces & Flails
  1562 | D:3      | Reached XP level 4. HP: 25/48 MP: 5/5
  1821 | D:3      | Reached skill level 4 in Maces & Flails
  1871 | D:3      | Reached XP level 5. HP: 11/54 MP: 6/6
  2343 | D:3      | Reached skill level 5 in Maces & Flails
  2642 | D:4      | Found a staircase to the Ecumenical Temple.
  2711 | D:4      | Reached skill level 6 in Maces & Flails
  2711 | D:4      | Reached XP level 6. HP: 62/62 MP: 7/7
  2762 | D:4      | Reached *** piety under Lugonu
  2781 | D:4      | Found a glowing drain.
  2785 | Sewer    | Entered a sewer
  2860 | Sewer    | Reached skill level 7 in Maces & Flails
  3054 | Sewer    | Reached skill level 3 in Invocations
  3233 | D:4      | Reached XP level 7. HP: 64/70 MP: 9/9
  3407 | D:4      | Reached skill level 1 in Shields
  3418 | D:4      | Reached **** piety under Lugonu
  3435 | D:4      | Reached skill level 2 in Shields
  3591 | D:4      | Reached skill level 3 in Shields
  3652 | D:4      | look at all this popcorn
  3652 | D:4      | and all this free piety
  3682 | D:4      | Reached skill level 4 in Shields
  3695 | D:4      | Reached XP level 8. HP: 44/78 MP: 10/10
  3895 | D:5      | Entered Level 5 of the Dungeon
  4008 | D:5      | Reached ***** piety under Lugonu
  4008 | D:5      | Reached skill level 8 in Maces & Flails
  4141 | D:5      | Reached skill level 4 in Invocations
  4781 | D:6      | Reached skill level 5 in Shields
  4814 | D:6      | Reached skill level 9 in Maces & Flails
  5129 | D:6      | Reached skill level 5 in Invocations
  5274 | D:6      | Reached XP level 9. HP: 70/84 MP: 12/12
  5280 | D:6      | Reached skill level 10 in Maces & Flails
  5731 | D:7      | Noticed a brown ugly thing
  5778 | D:7      | Reached skill level 6 in Shields
  5948 | D:7      | Reached skill level 11 in Maces & Flails
  5948 | D:7      | Reached skill level 6 in Invocations
  6129 | D:7      | the water moccasin is devoured by a tear in reality.
  6457 | D:7      | Found Ifuega's Armour Shop.
  6745 | D:8      | Reached skill level 12 in Maces & Flails
  6762 | D:8      | Reached XP level 10. HP: 38/92 MP: 15/15
  7180 | D:9      | Reached skill level 7 in Invocations
  7345 | D:9      | Reached skill level 7 in Shields
  7822 | D:9      | Found a staircase to the Lair.
  7836 | D:9      | the komodo dragon is devoured by a tear in reality.
  7836 | D:9      | Reached skill level 13 in Maces & Flails
  8037 | D:9      | the orc warrior is devoured by a tear in reality.
  8140 | D:9      | Reached skill level 5 in Fighting
  8281 | D:10     | Entered Level 10 of the Dungeon
  8282 | D:10     | Upgraded the game from 0.19-a0-1013-g40768a3 to 0.19-a0-1021-g80cc50c
  8383 | D:10     | the yak is devoured by a tear in reality.
  8513 | D:10     | Reached skill level 6 in Fighting
  8723 | D:10     | the killer bee is devoured by a tear in reality.
  8915 | D:10     | Found Mum Wee's Armour Shop.
  8927 | D:10     | the orc warrior is devoured by a tear in reality.
  8990 | D:10     | Reached skill level 7 in Fighting
  9010 | D:10     | Found a staircase to the Orcish Mines.
  9067 | D:10     | Reached XP level 11. HP: 44/109 MP: 16/16
  9096 | D:10     | +12 plate in the shop
  9096 | D:10     | with rN+++ too
  9297 | D:10     | the troll is devoured by a tear in reality.
  9297 | D:10     | Reached skill level 8 in Fighting
  9297 | D:10     | Reached skill level 8 in Shields
  9526 | Orc:1    | Entered Level 1 of the Orcish Mines
  9561 | D:10     | the orc warrior is devoured by a tear in reality.
  9658 | D:7      | Bought the +3 robe of Clouds {+Fly rElec} for 508 gold pieces
 10046 | Lair:1   | Entered Level 1 of the Lair of Beasts
 10146 | Lair:1   | Reached skill level 14 in Maces & Flails
 10147 | Lair:1   | Reached skill level 9 in Fighting
 10185 | Lair:1   | Noticed a seven-headed hydra
 10186 | Lair:1   | the seven-headed hydra is devoured by a tear in reality.
 10186 | Lair:1   | Banished a seven-headed hydra
 10217 | Lair:1   | Reached skill level 1 in Throwing
 10709 | Lair:1   | Reached skill level 10 in Fighting
 11091 | Lair:2   | Reached skill level 2 in Throwing
 11128 | Lair:2   | Reached ****** piety under Lugonu
 11655 | Lair:2   | Reached skill level 11 in Fighting
 11668 | Lair:2   | Reached skill level 3 in Throwing
 11829 | Lair:2   | Found a staircase to the Shoals.
 11925 | Lair:3   | Identified a scroll of acquirement
 12010 | Lair:3   | Reached XP level 12. HP: 70/130 MP: 17/17
 12034 | Lair:3   | Reached skill level 9 in Shields
 12043 | Lair:3   | Noticed a six-headed hydra
 12105 | Lair:3   | the komodo dragon is devoured by a tear in reality.
 12131 | Lair:3   | Found a labyrinth entrance.
 12139 | Lair:3   | Noticed a five-headed hydra
 12140 | Lair:3   | the five-headed hydra is devoured by a tear in reality.
 12140 | Lair:3   | Banished a five-headed hydra
 12145 | Lair:3   | Reached skill level 4 in Throwing
 12150 | Lab      | Entered a labyrinth
 12219 | Lab      | Reached skill level 12 in Fighting
 12240 | Lab      | Reached skill level 3 in Dodging
 12652 | Lab      | Noticed a minotaur
 12670 | Lab      | Killed a minotaur
 12670 | Lab      | Reached skill level 4 in Dodging
 12678 | Lab      | Got a smoking pewter ring
 12679 | Lab      | Identified the ring of Harmony {Wiz rC+ Int+3} (You found it in a labyrinth)
 12700 | Lab      | Identified a +1 rod of clouds (13/13) (You found it in a labyrinth)
 12701 | Lab      | Identified a +7 rod of shadows (12/12) (You found it in a labyrinth)
 12702 | Lab      | rod of clouds and shadows, woo
 12744 | Lair:3   | Found a staircase to the Snake Pit.
 12856 | Lair:3   | the spiny frog is devoured by a tear in reality.
 12863 | Lair:3   | Reached skill level 5 in Throwing
 12928 | Lair:3   | the spiny frog is devoured by a tear in reality.
 12928 | Lair:3   | Reached skill level 1 in Evocations
 12942 | Lair:3   | the spiny frog is devoured by a tear in reality.
 13121 | Lair:3   | Reached skill level 5 in Dodging
 13173 | Lair:3   | the black mamba is devoured by a tear in reality.
 13174 | Lair:3   | the black mamba is devoured by a tear in reality.
 13176 | Lair:3   | Noticed Harold
 13207 | Lair:3   | Harold is devoured by a tear in reality.
 13207 | Lair:3   | Banished Harold
 13292 | Lair:3   | the six-headed hydra is devoured by a tear in reality.
 13292 | Lair:3   | Banished a six-headed hydra
 13570 | Lair:4   | Reached skill level 2 in Evocations
 13724 | Lair:4   | Noticed a four-headed hydra
 13743 | Lair:4   | Killed a four-headed hydra
 13743 | Lair:4   | Reached skill level 6 in Dodging
 13856 | Lair:4   | the black mamba is devoured by a tear in reality.
 14159 | Lair:5   | Reached skill level 13 in Fighting
 14168 | Lair:5   | Reached XP level 13. HP: 83/144 MP: 18/18
 14180 | Lair:5   | the komodo dragon is devoured by a tear in reality.
 14180 | Lair:5   | Reached skill level 6 in Throwing
 14639 | Lair:5   | Reached skill level 3 in Evocations
 14875 | Lair:5   | Found a staircase to the Slime Pits.
 14875 | Lair:5   | Found a viscous altar of Jiyva.
 14881 | Lair:5   | Reached skill level 7 in Dodging
 14994 | Lair:6   | Entered Level 6 of the Lair of Beasts
 16240 | Lair:6   | Reached skill level 8 in Dodging
 16340 | Lair:5   | Reached skill level 7 in Throwing
 16340 | Lair:5   | Reached skill level 4 in Evocations
 17217 | Lair:6   | Noticed a dire elephant
 17217 | Lair:6   | Noticed a dire elephant
 17227 | Lair:6   | Killed a dire elephant
 17242 | Lair:6   | Killed a dire elephant
 17334 | Lair:6   | Noticed a dire elephant
 17354 | Lair:6   | Killed a dire elephant
 17686 | Lair:6   | Noticed a dire elephant
 18050 | Orc:1    | Noticed an orc warlord
 18075 | Orc:1    | Reached skill level 14 in Fighting
 18149 | D:10     | the orc warlord is devoured by a tear in reality.
 18149 | D:10     | Banished an orc warlord
 18149 | D:10     | Reached skill level 9 in Dodging
 18533 | D:10     | Reached XP level 14. HP: 59/156 MP: 19/19
 19003 | Orc:2    | Entered Level 2 of the Orcish Mines
 19004 | Orc:2    | Found Ihuciowk's General Store.
 19070 | Orc:2    | the orc sorcerer is devoured by a tear in reality.
 19079 | Orc:2    | Bought a scroll of fog for 24 gold pieces
 19103 | Orc:2    | Found Oxyn Ijycre's Antique Weapon Boutique.
 19160 | Orc:1    | the orc knight is devoured by a tear in reality.
 19355 | Orc:2    | Reached skill level 5 in Evocations
 19497 | Orc:2    | Noticed an orc warlord
 19532 | Orc:2    | the orc sorcerer is devoured by a tear in reality.
 19537 | Orc:2    | Found Gomaesia's Book Boutique.
 19776 | Orc:1    | Reached skill level 8 in Throwing
 19840 | Orc:1    | the orc warrior is devoured by a tear in reality.
 20062 | Orc:2    | the orc sorcerer is devoured by a tear in reality.
 20063 | Orc:2    | the orc warlord is devoured by a tear in reality.
 20063 | Orc:2    | Banished an orc warlord
 20356 | Orc:2    | Noticed an orc warlord
 20499 | Orc:2    | Reached skill level 10 in Dodging
 20560 | Orc:2    | the orc warlord is devoured by a tear in reality.
 20560 | Orc:2    | Banished an orc warlord
 20947 | Orc:1    | the orc high priest is devoured by a tear in reality.
 21327 | Orc:2    | Noticed a stone giant
 21336 | Orc:2    | Killed a stone giant
 21386 | Orc:2    | Noticed an orc warlord
 21390 | Orc:2    | the orc warlord is devoured by a tear in reality.
 21390 | Orc:2    | Banished an orc warlord
 21398 | Orc:2    | Paralysed by an orc sorcerer for 3 turns
 21409 | Orc:2    | the orc sorcerer is devoured by a tear in reality.
 21415 | Orc:2    | hits me with a short sword!!
 21415 | Orc:2    | !!
 21415 | Orc:2    | really
 21415 | Orc:2    | with a short sword
 21415 | Orc:2    | an archer too
 22121 | Orc:2    | Found Tuefay's Antique Armour Shop.
 22137 | Orc:2    | Found a staircase to the Elven Halls.
 22160 | Orc:2    | Reached skill level 6 in Evocations
 22323 | Orc:2    | Bought 2 potions of agility for 96 gold pieces
 22323 | Orc:2    | Bought a scroll of identify for 24 gold pieces
 22323 | Orc:2    | Bought a scroll of recharging for 114 gold pieces
 22704 | D:11     | Noticed Gastronok
 22723 | D:11     | the orc warrior is devoured by a tear in reality.
 23114 | D:11     | Noticed Nergalle
 23126 | D:11     | Nergalle is devoured by a tear in reality.
 23126 | D:11     | Banished Nergalle
 23187 | D:11     | Killed Gastronok
 23513 | D:11     | Reached skill level 9 in Throwing
 23578 | D:11     | Noticed Maurice
 23583 | D:11     | Maurice is devoured by a tear in reality.
 23583 | D:11     | Banished Maurice
 23837 | D:12     | Noticed Erolcha
 23838 | D:12     | Paralysed by Erolcha for 7 turns
 23846 | D:12     | Erolcha is devoured by a tear in reality.
 23846 | D:12     | Banished Erolcha
 24125 | D:12     | Reached skill level 8 in Invocations
 24243 | D:12     | Found a bloodstained altar of Trog.
 24388 | D:12     | Reached skill level 7 in Evocations
 24400 | D:12     | Reached XP level 15. HP: 139/165 MP: 21/21
 24418 | D:12     | Reached skill level 15 in Fighting
 25063 | D:12     | Paralysed by a wizard for 7 turns
 25233 | D:13     | Upgraded the game from 0.19-a0-1021-g80cc50c to 0.19-a0-1025-g778f431
 26067 | D:13     | the wind drake is devoured by a tear in reality.
 26069 | D:13     | the wind drake is devoured by a tear in reality.
 26099 | D:13     | Reached skill level 15 in Maces & Flails
 26541 | D:13     | Identified Sif Muna's Collected Works on Ice and Flight
 26545 | D:13     | Learned a level 2 spell: Repel Missiles
 26548 | D:13     | Learned a level 2 spell: Blink
 26653 | D:13     | Reached skill level 8 in Evocations
 26792 | D:13     | HP: 15/167 [ghost crab (shapeshifter)] (7)]
 26793 | D:13     | HP: 3/167 [ghost crab (shapeshifter)] (12)]
 26795 | D:13     | Found a gate to the Vaults.
 26813 | D:13     | HP: 24/250 [two-headed ogre/giant spiked club (14)]
 27545 | D:13     | Reached skill level 10 in Throwing
 28538 | D:14     | Noticed Frances
 28569 | D:14     | Killed Frances
 29024 | D:14     | Reached skill level 9 in Evocations
 29397 | D:15     | Entered Level 15 of the Dungeon
 29419 | D:15     | Noticed Josephine
 29436 | D:15     | Killed Josephine
 30521 | D:15     | the white ugly thing is devoured by a tear in reality.
 30535 | D:15     | the hill giant is devoured by a tear in reality.
 30902 | D:15     | Found a staircase to the Depths.
 30902 | D:15     | Noticed a frost giant
 30922 | D:15     | HP: 10/167 [frost giant/battleaxe of freezing (39)]
 30927 | D:15     | Killed a frost giant
 31283 | D:15     | the harpy is devoured by a tear in reality.
 31284 | D:15     | the harpy is devoured by a tear in reality.
 31284 | D:15     | Reached XP level 16. HP: 79/176 MP: 18/23
 31285 | D:15     | the harpy is devoured by a tear in reality.
 31286 | D:15     | the harpy is devoured by a tear in reality.
 31941 | D:15     | Noticed Nessos
 31943 | D:15     | Noticed Nessos
 31943 | D:15     | Nessos changed into Nessos the fire dragon
 31966 | D:15     | Killed Nessos the fire dragon
 31966 | D:15     | Reached skill level 16 in Maces & Flails
 32019 | D:15     | Reached skill level 10 in Evocations
 32369 | D:15     | Found an oddly glowing altar of Pakellas.
 32830 | Snake:1  | Entered Level 1 of the Snake Pit
 33425 | Snake:1  | Noticed Asterion
 33473 | Snake:1  | oh
 33473 | Snake:1  | so i have to go past asterion
 33473 | Snake:1  | T A C T I C S
 33599 | Snake:1  | Killed Asterion
 33599 | Snake:1  | Reached skill level 11 in Throwing
 34244 | Snake:1  | Gained mutation: You possess an exceptional clarity of mind. [potion of mutation]
 34244 | Snake:1  | Gained mutation: Your mind is acute. (Int +2) [potion of mutation]
 34245 | Snake:1  | Lost mutation: You possess an exceptional clarity of mind. [potion of mutation]
 34245 | Snake:1  | Gained mutation: You are resistant to hostile enchantments. (MR+) [potion of mutation]
 34245 | Snake:1  | Gained mutation: Your muscles are strong. (Str +2) [potion of mutation]
 35445 | Snake:2  | Reached skill level 11 in Evocations
 36392 | Snake:2  | the salamander mystic is devoured by a tear in reality.
 36594 | Snake:2  | Noticed a greater naga
 36635 | Snake:2  | Killed a greater naga
 36635 | Snake:2  | Reached skill level 16 in Fighting
 37022 | Snake:2  | Noticed a greater naga
 37528 | Snake:2  | the salamander mystic is devoured by a tear in reality.
 37552 | Snake:2  | the salamander is devoured by a tear in reality.
 37554 | Snake:2  | the salamander is devoured by a tear in reality.
 38363 | Snake:3  | Reached XP level 17. HP: 137/187 MP: 8/25
 38669 | Snake:3  | Reached skill level 9 in Invocations
 38719 | Snake:3  | the shock serpent is devoured by a tear in reality.
 38720 | Snake:3  | the salamander is devoured by a tear in reality.
 39165 | Snake:3  | Reached skill level 12 in Throwing
 39293 | Snake:3  | Reached skill level 10 in Invocations
 39385 | Snake:3  | the black mamba is devoured by a tear in reality.
 39542 | Snake:3  | the salamander is devoured by a tear in reality.
 39975 | Snake:3  | the naga ritualist is devoured by a tear in reality.
 40229 | Snake:4  | Entered Level 4 of the Snake Pit
 40255 | Snake:4  | the salamander is devoured by a tear in reality.
 40336 | Snake:4  | the naga sharpshooter is devoured by a tear in reality.
 41026 | Snake:4  | Found Naelyup's Food Emporium.
 41029 | Snake:4  | Bought a royal jelly for 28 gold pieces
 41029 | Snake:4  | Bought a meat ration for 70 gold pieces
 41029 | Snake:4  | Bought a beef jerky for 21 gold pieces
 41029 | Snake:4  | Bought a beef jerky for 21 gold pieces
 41029 | Snake:4  | Bought a royal jelly for 28 gold pieces
 41029 | Snake:4  | Bought a royal jelly for 28 gold pieces
 42206 | Snake:4  | Reached skill level 10 in Shields
 43151 | Snake:4  | Reached skill level 11 in Shields
 43176 | Snake:4  | Reached XP level 18. HP: 185/197 MP: 26/26
 43725 | Snake:4  | Got a serpentine rune of Zot
 44031 | Shoals:1 | Entered Level 1 of the Shoals
 44324 | Shoals:1 | Reached skill level 13 in Throwing
 44726 | Shoals:1 | Reached skill level 12 in Shields
 44941 | Shoals:1 | Reached skill level 12 in Evocations
 45690 | Shoals:2 | this is why i explore shoals
 45690 | Shoals:2 | to get good javelins
 47265 | Shoals:4 | Entered Level 4 of the Shoals
 47327 | Shoals:4 | Noticed Ilsuiw
 47694 | Shoals:4 | Reached skill level 17 in Fighting
 47694 | Shoals:4 | Reached skill level 13 in Shields
 47696 | Shoals:4 | the merfolk impaler is devoured by a tear in reality.
 47917 | Shoals:4 | the sea snake is devoured by a tear in reality.
 47917 | Shoals:4 | Reached skill level 1 in Armour
 47968 | Shoals:4 | how does this shit work?
 47968 | Shoals:4 | 5 miscasts in a row
 47968 | Shoals:4 | disc of storms i mean
 47968 | Shoals:4 | 55% chance to actually use this at 12 evo
 47968 | Shoals:4 | wow, it's even worse than i thought
 47971 | Shoals:4 | only required 8 uses to work
 47971 | Shoals:4 | very effective
 47979 | Shoals:4 | Killed Ilsuiw
 47991 | Shoals:4 | Reached skill level 2 in Armour
 48159 | Shoals:4 | the merfolk impaler is devoured by a tear in reality.
 48201 | Shoals:4 | the merfolk is devoured by a tear in reality.
 48399 | Shoals:4 | Reached skill level 3 in Armour
 48706 | Shoals:4 | the merfolk impaler is devoured by a tear in reality.
 48724 | Shoals:4 | Reached skill level 4 in Armour
 49034 | Shoals:4 | the merfolk impaler is devoured by a tear in reality.
 49034 | Shoals:4 | Reached XP level 19. HP: 188/209 MP: 23/28
 49098 | Shoals:4 | Reached skill level 5 in Armour
 49116 | Shoals:4 | the merfolk impaler is devoured by a tear in reality.
 49120 | Shoals:4 | the merfolk impaler is devoured by a tear in reality.
 49125 | Shoals:4 | too hungry my ass
 49138 | Shoals:4 | so
 49138 | Shoals:4 | aquamancer wears a large shield
 49138 | Shoals:4 | and still casts spells
 49138 | Shoals:4 | fair
 49162 | Shoals:4 | HP: 9/209 [satyr/arrow (32)]
 49164 | Shoals:4 | Paralysed by fainting for 7 turns
 49164 | Shoals:4 | HP: 2/209 [griffon (7)]
 49164 | Shoals:4 | Slain by a griffon

Vault maps used:
D:1:      saegor_arrival_under_anarchy, nrook_mini_backslash
D:2:      nicolae_overflow_crystal_walls, first_bread
D:3:      ecumenical_altar_2
D:4:      minmay_goblin_kobold_castle, gup_sewer_entry_spiral
D:6:      hangedman_decor_growths
D:7:      lemuel_upstairs_altar, serial_shops, nicolae_shop_crystal
D:9:      david_lair_shrubbed
D:10:     orc_david_3
D:11:     grunt_livestock, minmay_statue_bubble, uniq_maurice, uniq_gastronok,
          uniq_nergalle
D:12:     basic_altar, minmay_guarded_unrand_prune, uniq_erolcha
D:13:     david_vaults_2, stair_cage_open, minmay_misc_feat_room, aerie_lemuel
D:14:     abandoned_shop, lemuel_flamethrower_2, uniq_frances
D:15:     grunt_enter_depths_snipers, amethyst_killhole, grunt_ministairs_11,
          johnstein_pakellas_death_squad, uniq_josephine, uniq_nessos
Lair:1:   wad_woods_structure_01, grunt_forest_large_clearings
Lair:2:   elwin_shoals_entry_rocks, infiniplex_staircase_pool,
          grunt_megastairs_5
Lair:3:   dragon1_lemuel, dummy_snake_entry, lab_entry_generic, minivault_19,
          beast_lair_carwin_7, grunt_megastairs_4, uniq_harold
Lair:4:   st_stairs_6, serial_bayou_pond_b, small_statue_intersection
Lair:5:   slime_altar_1, grunt_forest_large_clearing_hut
Lair:6:   due_jungle_book, serial_bayou_shore_b
Shoals:4: shoals_end_grunt_ice, shoal_ilsuiw
Snake:1:  grunt_ministairs_15, st_stairs_6, spider_trap, uniq_asterion
Snake:2:  statue_in_the_mist_lemuel, spider_trap, eino_curves_02
Snake:3:  grunt_megastairs_2
Snake:4:  snake_pit, serial_shops, nicolae_shop_behind_doors
Orc:2:    grunt_orc_gardens, grunt_orc_garden, grunt_orc_garden,
          grunt_orc_garden, grunt_orc_garden, elf_legates
Lab:      nicolae_lab_plus, nicolae_lab_grate_2, lab_block, nicolae_lab_x,
          labyrinth_lava_lair, nicolae_lab_garden, nicolae_lab_swirl
Sewer:    sewer_co_15_rooms

Skill      XL: |  1  2  3  4  5  6  7  8  9 10 11 12 13 14 15 16 17 18 19 |
---------------+----------------------------------------------------------+-----
Stealth        | 1 2 3 |  3.0
Maces & Flails | 3 4 6 7 9 12 13 14 15 16 | 16.0
Invocations    | 3 5 6 7 8 10 | 10.2
Shields        | 4 5 6 7 8 9 11 13 | 13.0
Fighting       | 7 11 13 14 15 16 17 | 17.0
Throwing       | 3 5 7 9 10 11 12 13 | 13.5
Dodging        | 6 9 10 | 10.4
Evocations     | 2 4 7 9 11 12 | 12.0
Armour         | 4 5 |  5.8

Action                   |  1- 3 |  4- 6 |  7- 9 | 10-12 | 13-15 | 16-18 | 19-21 || total
-------------------------+-------+-------+-------+-------+-------+-------+-------++-------
Melee: Mace              |   136 |    48 |       |       |       |       |       ||   184
       Flail             |       |   102 |   439 |   965 |  1423 |       |       ||  2929
       Morningstar       |       |       |       |       |   741 |  2412 |    27 ||  3180
Throw: Tomahawk          |       |       |    12 |    30 |    29 |   138 |       ||   209
       Large rock        |       |       |       |       |       |    58 |    14 ||    72
       Throwing net      |       |       |       |       |       |     2 |     5 ||     7
Invok: Depart the Abyss  |     1 |       |       |       |       |       |       ||     1
       Banish            |       |       |     1 |    29 |    30 |    26 |     4 ||    90
 Abil: Evoke Flight      |       |       |       |       |     7 |       |       ||     7
       Stop Flying       |       |       |       |       |     3 |       |       ||     3
Evoke: Wand              |       |       |       |     2 |    16 |    13 |     5 ||    36
       Lamp of fire      |       |       |       |       |     3 |     2 |     1 ||     6
       Sack of spiders   |       |       |       |       |     1 |       |       ||     1
       Rod               |       |       |       |       |       |    22 |     3 ||    25
       Fan of gales      |       |       |       |       |       |     1 |       ||     1
       Disc of storms    |       |       |       |       |       |    16 |     1 ||    17
  Use: Potion            |       |     1 |     3 |     1 |    15 |     3 |       ||    23
       Scroll            |       |       |     7 |    13 |    14 |    15 |     3 ||    52
 Stab: Sleeping          |     1 |     2 |     2 |     3 |     7 |     6 |       ||    21
       Distracted        |       |       |       |       |     5 |     1 |       ||     6
       Confused          |       |       |       |       |       |     2 |       ||     2
       Held in net/web   |       |       |       |       |       |     1 |     1 ||     2
  Eat: Chunk             |     3 |     6 |     4 |    34 |    31 |    33 |     1 ||   112
       Fruit             |       |       |     3 |     1 |    16 |       |       ||    20
       Bread ration      |       |       |     2 |       |     3 |     7 |       ||    12
       Royal jelly       |       |       |     1 |       |       |     3 |       ||     4
       Pizza             |       |       |       |     1 |     1 |       |       ||     2
       Meat ration       |       |       |       |     2 |       |       |       ||     2
       Beef jerky        |       |       |       |     1 |     1 |     3 |       ||     5
Armor: Robe              |    47 |    37 |    71 |    79 |   170 |   270 |    18 ||   692
       Skin              |       |     6 |    47 |       |    31 |       |       ||    84
Dodge: Dodged            |    89 |    81 |   139 |   259 |   913 |   751 |    50 ||  2282
Block: Shield            |       |       |   123 |   345 |   897 |   558 |       ||  1923
       Large shield      |       |       |       |       |       |   795 |    67 ||   862
